 Dungeon Crawl Stone Soup version 0.18-a0-1435-gee79d65 (webtiles) character file.

78 4thArraOfDagon the Chopper (level 4, -3/63 HPs)
             Began as a Naga Berserker on Feb 28, 2016.
             Was a Follower of Trog.
             Slain by a gnoll
             ... wielding a +0 flail
              (4 damage)
             ... on level 3 of the Dungeon.
             The game lasted 00:01:20 (200 turns).

4thArraOfDagon the Chopper (Naga Berserker)          Turns: 200, Time: 00:01:20

Health: -3/63      AC:  7    Str: 25    XL:     4   Next: 36%
Magic:  4/4        EV:  6    Int: 11    God:    Trog [*.....]
Gold:   14         SH:  0    Dex: 11    Spells: 0 memorised, 3 levels left

rFire  . . .     SeeInvis +     a - +0 hand axe
rCold  . . .     Gourm    .     i - +1 chain mail {rN+}
rNeg   + . .     Faith    .     (no shield)
rPois  +         Spirit   .     (no helmet)
rElec  .         Dismiss  .     (no cloak)
rCorr  .         Reflect  .     (no gloves)
SustAt .         Harm     .     (no barding)
MR     .....                    (no amulet)
Stlth  ..........               (no ring)
                                d - +4 ring of intelligence

@: berserking (expiring), quick, not resistant to hostile enchantments,
extremely unstealthy
A: see invisible, deformed body, poison resistance, slowness 2, slow metabolism
1, spit poison 2, AC +1
a: Spit Poison, Berserk, Burn Spellbooks, Renounce Religion


You were on level 3 of the Dungeon.
You worshipped Trog.
Trog was aware of your devotion.
You were not hungry.

You visited 1 branch of the dungeon, and saw 4 of its levels.

You collected 14 gold pieces.

Inventory:

Hand Weapons
 a - a +0 hand axe (weapon)
Armour
 i - a +1 chain mail of positive energy (worn)
Jewellery
 d - a +4 ring of intelligence (left hand)
Scrolls
 e - a scroll of teleportation {unknown}
 h - a scroll of blinking {unknown}
Comestibles
 b - a royal jelly
 c - a bread ration
 f - a meat ration


   Skills:
 + Level 3.4 Fighting
 * Level 4.1 Axes
 + Level 2.4 Armour
 - Level 1.5 Dodging


You had 3 spell levels left.
You didn't know any spells.

Dungeon Overview and Level Annotations

Branches:
Dungeon (4/15)
 Temple: D:4-7

Altars:


Innate Abilities, Weirdness & Mutations

You cannot wear boots.
Your serpentine skin is tough (AC +1).
You have supernaturally acute eyesight.
Armour fits poorly on your strangely shaped body.
Your system is resistant to poisons.
You cover ground very slowly.
You have a slow metabolism.
You can spit poison.


Message History

The gnoll hits you with a flail!
* * * LOW HITPOINT WARNING * * *
Unknown command.
You barely miss the gnoll.
The gnoll is severely wounded.
You hit the gnoll.
The gnoll is moderately wounded.
The gnoll hits you from afar with a spear.
* * * LOW HITPOINT WARNING * * *
The gnoll barely misses you.
Unknown command.
Unknown command.
You closely miss the gnoll.
The gnoll is severely wounded.
You barely miss the gnoll.
The gnoll is moderately wounded.
The gnoll hits you with a halberd.
* * * LOW HITPOINT WARNING * * *
The gnoll hits you with a flail.
You die...

.###########
.!.w..g@†g.#
........g..#
#####...g..#
########


You could see a worm and 4 gnolls.

Vanquished Creatures
  2 orc priests (D:4)
  A dart slug (D:1)
  3 orcs (D:4)
  A hobgoblin (D:1)
  3 jackals (D:3)
  2 kobolds
  3 goblins (D:1)
  2 rats (D:1)
17 creatures vanquished.

Notes
Turn   | Place    | Note
--------------------------------------------------------------
     0 | D:1      | 4thArraOfDagon the Naga Berserker began the quest for the Orb.
     0 | D:1      | Reached XP level 1. HP: 21/21 MP: 1/1
    47 | D:1      | Reached XP level 2. HP: 25/28 MP: 2/2
   105 | D:2      | You fall through a shaft for 2 floors!
   143 | D:4      | Reached XP level 3. HP: 23/34 MP: 3/3
   143 | D:4      | Reached skill level 4 in Axes
   143 | D:4      | Reached XP level 4. HP: 28/42 MP: 4/4
   200 | D:3      | HP: 1/63 [gnoll/halberd (3)]
   200 | D:3      | Slain by a gnoll

Vault maps used:
D:1:      minmay_arrival_diagonal_passages, st_stairs_10
D:2:      nicolae_overflow_quartered_altars, lemuel_coloured_pillars_altar,
          serial_forest, infiniplex_forest_clump_tiny,
          infiniplex_forest_clump_small, infiniplex_forest_end_3,
          infiniplex_forest_zigzag_1, infiniplex_forest_end_3,
          infiniplex_forest_corner_2, infiniplex_forest_end_2,
          infiniplex_forest_diagonal, makhleb_altar_promises_db
D:3:      gammafunk_pakellas_statue_experiment, tgw_trog
D:4:      gammafunk_temple_overflow_wave, first_bread, kennysheep_generic_room_9

Skill      XL: |  1  2  3 |
---------------+----------+-----
Armour         | 2 |  2.4
Axes           | 4 |  4.1
Fighting       | |  3.4
Dodging        | |  1.5

Action                   |  1- 3 |  4- 6 || total
-------------------------+-------+-------++-------
Melee: Hand axe          |    14 |     6 ||    20
Invok: Berserk           |     1 |     1 ||     2
 Abil: Spit Poison       |     9 |       ||     9
